 Dungeon Crawl Stone Soup version 0.32-a0-520-g344ed53f66 (webtiles) character file.

Game seed: 10080549672613143738

66 BubbleThief the Trooper (level 3, -1/29 (30) HPs)
             Began as a Demonspawn Reaver on Feb 27, 2024.
             Slain by a quokka (2 damage)
             ... on level 4 of the Dungeon.
             The game lasted 00:02:36 (1906 turns).

BubbleThief the Trooper (Demonspawn Reaver)         Turns: 1906, Time: 00:02:37

HP:   -1/29 (30)    AC:  3    Str: 14    XL:     3   Next: 96%
MP:   6/6           EV: 11    Int: 13    God:
Gold: 77            SH:  0    Dex: 11    Spells: 5/6 levels left

rFire   . . .        h - +2 quarterstaff (spect)
rCold   . . .        (shield currently unavailable)
rNeg    . . .        b - +0 leather armour
rPois   .            (no helmet)
rElec   .            (no cloak)
rCorr   .            (no gloves)
SInv    .            (no boots)
Will    .....        (no amulet)
Stlth   +            (no ring)
HPRegen 0.24/turn    (no ring)
MPRegen 0.10/turn

%: no passive effects
@: lethally poisoned (-1 -> -4), lightly drained
A: hooves 2
a: no special abilities


You were on level 4 of the Dungeon.
You visited 1 branch of the dungeon, and saw 4 of its levels.

You collected 77 gold pieces.

Inventory:

Hand Weapons
 a - a +0 spear
 h - a +2 spectral quarterstaff (weapon)
Missiles
 n - a throwing net
Armour
 b - a +0 leather armour (worn)
Jewellery
 c - a ring of flight
Scrolls
 d - a scroll of immolation {unknown}
 e - a scroll of noise {unknown}
 f - 4 scrolls of identify {unknown}
 g - 3 scrolls of teleportation {unknown}
 j - a scroll of torment {unknown}
 k - a scroll of summoning {unknown}
Potions
 i - a potion of lignification {unknown}
 l - a potion of might {unknown}
 m - a potion of curing {unknown}


   Skills:
 + Level 3.9 Fighting
 - Level 3.2 Polearms
 - Level 1.7 Dodging
 - Level 2.0 Spellcasting
 - Level 3.0 Conjurations


You had 5 spell levels left.
You knew the following spells:

 Your Spells              Type           Power      Damage    Failure   Level
a - Kiss of Death         Conj/Necr      20%        2d7       17%         1

Your spell library contained the following spells:

 Spells                   Type           Power      Damage    Failure   Level
 Sting                    Conj/Alch      20%        1d4       17%         1
 Momentum Strike          Conj/Tloc      10%        3d8       26%         2
 Hailstorm                Conj/Ice       5%         3d5       45%         3
 Tukima's Dance           Hex            1%         N/A       67%         3
 Passage of Golubria      Tloc           1%         N/A       97%         4
 Yara's Violent Unravell  Hex/Alch       0%         3d3       100%        5


Dungeon Overview and Level Annotations

Branches:
Dungeon (4/15)
 Temple: D:4-7

Altars:

Annotations:
D:2 Sigmund


Innate Abilities, Weirdness & Mutations

You have hoof-like feet.


Message History

You hit the scorpion.
The scorpion is severely wounded.
Your +2 spectral quarterstaff hits the scorpion.
The scorpion stings you.
You are poisoned.
The scorpion poisons you! The quokka barely misses you.
The scorpion stings you.
You are too injured to fight recklessly!
Unknown command.
Unknown command.
You are too injured to fight recklessly!
You hit the scorpion but do no damage.
You kick the scorpion, but do no damage.
The scorpion is severely wounded.
Your +2 spectral quarterstaff hits the scorpion but does no damage.
You feel very sick. The quokka barely misses you.
The scorpion stings your +2 spectral quarterstaff.
Your spectral weapon shares its damage with you!
* * * LOW HITPOINT WARNING * * *
The quokka closely misses you.
Unknown command.
You hit the scorpion but do no damage.
You kick the scorpion, but do no damage.
The scorpion is severely wounded.
Your +2 spectral quarterstaff hits the scorpion but does no damage.
* * * LOW HITPOINT WARNING * * *
You feel sick.
The scorpion misses your +2 spectral quarterstaff.
The quokka bites you but does no damage.
The scorpion misses your +2 spectral quarterstaff.
Unknown command.
You hit the scorpion.
The scorpion is almost dead.
Your +2 spectral quarterstaff hits the scorpion but does no damage.
* * * LOW HITPOINT WARNING * * *
You feel sick. The quokka closely misses you. The scorpion stings you.
* * * LOW HITPOINT WARNING * * *
The quokka bites you.
You die...

### ..# #.# # #.#
#..#.#### #. #..#....
#.##[.#..#######. .
#.....r@s........
...##..#..#.(###.###.
.............#
...##..#..#..#
.............#
<.>......#.##
#.#.......###
##.#.#...........
......†.<.#######


You could see a scorpion, a quokka and a friendly +2 spectral quarterstaff.

Vanquished Creatures
  3 adders
  2 orcs (D:3)
  2 bats
  6 endoplasms
  3 goblins
  2 hobgoblins
  3 jackals (D:1)
  3 quokkas
  A ball python (D:1)
  2 frilled lizards (D:1)
  4 kobolds
  4 rats
35 creatures vanquished.

Notes
Turn   | Place    | Note
-------+----------+-------------------------------------------
     0 | D:1      | BubbleThief the Demonspawn Reaver began the quest for the
                  | Orb.
     0 | D:1      | Reached XP level 1. HP: 16/16 MP: 3/3
   104 | D:1      | Gained mutation: You have large cloven feet. [demonic
                  | ancestry]
   104 | D:1      | Reached XP level 2. HP: 22/22 MP: 5/5
   137 | D:1      | Found a faded altar of an unknown god.
   143 | D:1      | Got Plato's Folio of Battling
   534 | D:2      | Noticed Sigmund
  1004 | D:3      | Gained mutation: You have hoof-like feet. [demonic
                  | ancestry]
  1004 | D:3      | Reached XP level 3. HP: 29/29 MP: 6/6
  1894 | D:4      | Noticed a scorpion
  1906 | D:4      | HP: 1/29 [scorpion (3)]
  1906 | D:4      | Slain by a quokka

Illustrated notes

Levels and vault maps discovered:
D:1:      dpeg_arrival_brainrot, layout_basic,
          shapermc_ecumenical_altar_rom_forum
D:2:      layout_basic, basic_altar, uniq_sigmund
D:3:      layout_basic
D:4:      layout_loops_ring, lemuel_round_altar, kennysheep_another_room,
          uniq_eustachio

Skill      XL: |  1  2 |
---------------+-------+-----
Polearms       | 3 |  3.2
Fighting       | 3 |  3.9
Dodging        | |  1.7
Spellcasting   | |  2.0
Conjurations   | |  3.0

Action                     || total
---------------------------++-------
  Melee: Spear             ||    33
         Quarterstaff      ||    56
         Kick              ||    11
   Cast: Kiss of Death     ||     1
   Stab: Distracted        ||     1
 Armour: Leather armour    ||    51
  Dodge: Dodged            ||    42

Table legend: (Time is in decaauts)
 A = Elapsed time spent in this place.
 B = Non-inter-level travel time spent in this place.
 C = Inter-level travel time spent in this place.
 D = Time resting spent in this place.
 E = Time spent auto-exploring this place.
 F = Levels seen in this place.
 G = Mean time per level.
                   A        B        C        D        E       F      G
               +--------+--------+--------+--------+--------+-----+--------+
         Total |   1917 |   1794 |    123 |     83 |   1445 |   4 |  479.2 |
       Dungeon |   1917 |   1794 |    123 |     83 |   1445 |   4 |  479.2 |
               +--------+--------+--------+--------+--------+-----+--------+

Top non-repeatable levels by time:
     D:3: 1169 daAuts
     D:1: 689 daAuts
     D:2: 30 daAuts
     D:4: 27 daAuts
